 Dungeon Crawl Stone Soup version 0.24-a0-516-g9de272bb65 (webtiles) character file.

Game seed: 15504890305198144468

100034 Froggeryz the Martial Artist (level 16, -18/124 HPs)
             Began as a Gnoll Transmuter on July 22, 2019.
             Was the Champion of Qazlal.
             Shot with an arrow by a naga sharpshooter (21 damage)
             ... on level 1 of the Snake Pit.
             The game lasted 01:24:33 (21803 turns).

Froggeryz the Martial Artist (Gnoll Transmuter)    Turns: 21803, Time: 01:24:33

Health: -18/124    AC: 15    Str: 15    XL:     16   Next: 26%
Magic:  10/31      EV: 21    Int: 25    God:    Qazlal [******]
Gold:   417        SH: 11    Dex: 17    Spells: 13/38 levels left

rFire    . . .     SeeInvis +   Y - +3 lajatang (flame)
rCold    . . .     Gourm    .   (shield currently unavailable)
rNeg     + + +     Faith    .   A - +4 robe "Ulanuwikh" {rN+++ Regen+ Int+6 Stlth-}
rPois    +         Spirit   .   X - +2 hat {MR+}
rElec    +         Reflect  +   B - +0 cloak
rCorr    .         Harm     .   q - +2 pair of gloves
MR       ++...                  p - +0 pair of boots
Stlth    +.........             E - +3 amulet of reflection
HPRegen  1.70/turn              c - ring of poison resistance
MPRegen  0.22/turn              W - ring of see invisible

@: protected from electricity, regenerating, repel missiles
A: distributed training, fangs 1, strong nose
a: Upheaval, Elemental Force, Disaster Area, Renounce Religion


You were on level 1 of the Snake Pit.
You worshipped Qazlal.
Qazlal was exalted by your worship.
You were not hungry.

You visited 6 branches of the dungeon, and saw 26 of its levels.

You collected 2282 gold pieces.
You spent 1865 gold pieces at shops.

Inventory:

Hand Weapons
 Y - a +3 lajatang of flaming (weapon)
Missiles
 b - 10 javelins
 h - 2 throwing nets (quivered)
 D - 610 arrows
Armour
 g - a +2 robe of magic resistance
 p - a +0 pair of boots (worn)
 q - a +2 pair of gloves (worn)
 A - the +4 robe "Ulanuwikh" (worn) {rN+++ Regen+ Int+6 Stlth-}
   (You bought it in a shop on level 2 of the Orcish Mines)

   It affects your intelligence (+6).
   It renders you almost immune to negative energy.
   It increases your rate of regeneration.
   It makes you less stealthy.
 B - a +0 cloak (worn)
 C - the +4 ring mail of Kobler {Int+4 SInv}
   (You found it on level 5 of the Dungeon)

   It affects your intelligence (+4).
   It lets you see invisible.
 K - a +1 robe of the Archmagi
 X - a +2 hat of magic resistance (worn)
Jewellery
 c - a ring of poison resistance (left hand)
 v - an uncursed ring of fire
 E - a +3 amulet of reflection (around neck)
 W - a ring of see invisible (right hand)
Wands
 e - a wand of polymorph (11)
 j - a wand of acid (28)
 s - a wand of flame (60)
 w - a wand of scattershot (6)
 y - a wand of iceblast (16)
 z - a wand of random effects (24)
 G - a wand of paralysis (10)
 L - a wand of digging (6)
 N - a wand of enslavement (10)
Scrolls
 a - 5 scrolls of magic mapping
 k - 3 scrolls of amnesia
 o - a scroll of identify
 t - 8 scrolls of teleportation
 x - 5 scrolls of remove curse
 F - 6 scrolls of enchant armour
 I - 3 scrolls of enchant weapon
Potions
 i - 6 potions of curing
 l - a potion of magic
 m - a potion of cancellation
 n - 4 potions of flight
 r - 3 potions of brilliance
 u - a potion of berserk rage
 O - a potion of resistance
 P - 2 potions of haste
 Q - 3 potions of invisibility
 R - a potion of ambrosia
 S - 5 potions of agility
 T - 2 potions of might
Miscellaneous
 Z - a crystal ball of energy
Comestibles
 d - 56 rations


   Skills:
 + Level 10.8 Fighting
 + Level 10.5 Short Blades
 + Level 10.5 Long Blades
 + Level 10.5 Axes
 + Level 10.5 Maces & Flails
 + Level 10.5 Polearms
 + Level 10.5 Staves
 + Level 10.5 Slings
 + Level 10.5 Bows
 + Level 10.5 Crossbows
 + Level 10.5 Throwing
 + Level 10.5 Armour
 + Level 11.4 Dodging
 + Level 10.5 Stealth
 + Level 10.5 Shields
 + Level 12.1 Unarmed Combat
 + Level 11.5 Spellcasting
 + Level 8.9 Conjurations
 + Level 8.9 Hexes
 + Level 8.9 Charms
 + Level 8.9 Summonings
 + Level 8.9 Necromancy
 + Level 8.9 Translocations
 + Level 9.7 Transmutations
 + Level 8.9 Fire Magic
 + Level 8.9 Ice Magic
 + Level 8.9 Air Magic
 + Level 8.9 Earth Magic
 + Level 8.9 Poison Magic
 + Level 11.4 Invocations
 + Level 10.5 Evocations


You had 13 spell levels left.
You knew the following spells:

 Your Spells              Type           Power        Failure   Level  Hunger
a - Beastly Appendage     Tmut           ######       1%          1    None
b - Sticks to Snakes      Tmut           ######..     1%          2    None
c - Regeneration          Chrm/Necr      ######....   1%          3    None
d - Summon Lightning Spi  Summ/Air       ######..     1%          4    None
e - Silence               Hex/Air        ######....   3%          5    ###....
f - Cause Fear            Hex            ######....   1%          4    None
g - Dispersal             Tloc           ######....   16%         6    #####..

Your spell library contained the following spells:

 Spells                   Type           Power        Failure   Level  Hunger
 Animate Skeleton         Necr           N/A          1%          1    None
 Apportation              Tloc           ######       1%          1    None
 Confusing Touch          Hex            ######       1%          1    None
 Corona                   Hex            ######.      1%          1    None
 Flame Tongue             Conj/Fire      #####        1%          1    None
 Freeze                   Ice            ####         1%          1    None
 Magic Dart               Conj           ####         1%          1    None
 Pain                     Necr           ####         1%          1    None
 Summon Small Mammal      Summ           ####         1%          1    None
 Call Imp                 Summ           ######..     1%          2    None
 Corpse Rot               Necr           N/A          1%          2    None
 Ensorcelled Hibernation  Hex/Ice        ######       1%          2    None
 Searing Ray              Conj           ######       1%          2    None
 Throw Frost              Conj/Ice       ######       1%          2    None
 Call Canine Familiar     Summ           ######..     1%          3    None
 Confuse                  Hex            ######..     1%          3    None
 Dazzling Spray           Conj/Hex       ######       1%          3    None
 Gell's Gravitas          Tloc           ######....   1%          3    None
 Ozocubu's Armour         Chrm/Ice       ######..     1%          3    None
 Portal Projectile        Hex/Tloc       ######       1%          3    None
 Spider Form              Tmut/Pois      ######....   1%          3    None
 Stone Arrow              Conj/Erth      ######       1%          3    None
 Summon Guardian Golem    Hex/Summ       ######..     1%          3    None
 Tukima's Dance           Hex            ######..     1%          3    None
 Vampiric Draining        Necr           ######....   1%          3    None
 Animate Dead             Necr           N/A          1%          4    None
 Force Lance              Conj/Tloc      ######..     1%          4    None
 Fulminant Prism          Conj/Hex       ######....   1%          4    None
 Ice Form                 Ice/Tmut       ######..     1%          4    None
 Iskenderun's Mystic Bla  Conj           ######..     1%          4    None
 Leda's Liquefaction      Hex/Erth       ######....   1%          4    None
 Summon Ice Beast         Ice/Summ       ######..     1%          4    None
 Throw Icicle             Conj/Ice       ######..     1%          4    None
 Blade Hands              Tmut           ######....   2%          5    ###....
 Bolt of Magma            Conj/Fire/Erth ######....   3%          5    ###....
 Borgnjor's Vile Clutch   Necr/Erth      ######....   3%          5    ###....
 Summon Forest            Summ/Tloc      ######....   3%          5    ###....
 Hydra Form               Tmut           ######....   12%         6    #####..
 Statue Form              Tmut/Erth      ######...    14%         6    #####..
 Bolt of Fire             Conj/Fire      ######....   16%         6    #####..
 Darkness                 Hex            ######....   16%         6    #####..
 Iron Shot                Conj/Erth      ######....   16%         6    #####..
 Shadow Creatures         Summ           N/A          16%         6    #####..
 Dragon Form              Tmut           ######....   54%         7    ######.
 Summon Hydra             Summ           ######....   65%         7    ######.
 Controlled Blink         Tloc           N/A          100%        8    #######
 Disjunction              Tloc           ######....   100%        8    #######
 Dragon's Call            Summ           ######....   100%        9    #######
 Shatter                  Erth           ######....   100%        9    #######


Dungeon Overview and Level Annotations

Branches:
Dungeon (15/15)            Temple (1/1) D:5            Lair (6/6) D:8
 Shoals (1/4) Lair:4        Snake (1/4) Lair:4        Slime (0/5) Lair:6
    Orc (2/2) D:11            Elf (0/3) Orc:2        Vaults (0/5) D:14
 Depths: D:15

Altars:
Ashenzari
Cheibriados
Dithmenos
Elyvilon
Fedhas
Gozag
Hepliaklqana
Kikubaaqudgha
Makhleb
Nemelex Xobeh
Okawaru
Qazlal
Ru
Sif Muna
Trog
Uskayaw
Vehumet
Wu Jian
Xom
Yredelemnul
Zin
The Shining One
Beogh
Jiyva

Shops:
D:8 (   D:9 (   D:12 !*=(   Orc:2 [(:(

Annotations:
D:14 3 runed translucent doors, exclusion: 3 doors, Feotso's ghost, journeyman SpEn
Snake:1 exclusion: lightning spire


Innate Abilities, Weirdness & Mutations

Your experience applies equally to all skills.
You have very sharp teeth.
Your uncanny sense of smell can sniff out nearby items.


Message History

The blast of ice hits the lightning spire!
The lightning spire partially resists.
The lightning spire is heavily damaged.
Marking area around the lightning spire as unsafe for travelling.
The lightning spire shoots out a bolt of lightning at you!
The bolt of electricity is repelled.
The naga sharpshooter is engulfed in blazing flames.
The naga sharpshooter shoots an arrow.
You reflect the arrow off an invisible shield around you!
The arrow barely misses the naga sharpshooter.
Unknown command.
You feel better.
The lightning spire shoots out a bolt of lightning at you!
The bolt of electricity hits you!
Your resistance to cold fades away.
You feel protected from electricity.
* * * LOW HITPOINT WARNING * * *
The naga sharpshooter is engulfed in blazing flames.
The naga sharpshooter shoots an arrow.
The arrow hits you!!
You die...

∆ ∆ #≈ # #≈# .##
##≈. #####..###
#.≈.## #.....N..#
#≈..≈.###........#
#.≈>☼.(##.......(.
##..8§§##........#
###..@##(.......#
###N§)§.##.#.#
#<§).....#
####).##.#
....#∆.. #.#...≈
..# ..#........
#.####.... . ..
....


You could see a naga sharpshooter and a lightning spire.

Vanquished Creatures
  Saint Roka (Orc:2)
  Gastronok (Lair:2)
  Roxanne (D:14)
  An orc warlord (Orc:1)
  A dire elephant (D:14)
  4 vault guards (D:14)
  6 hydras
  A naga warrior (Lair:4)
  3 catoblepae
  A death knight (D:13)
  2 anacondas (Snake:1)
  4 centaur warriors
  10 two-headed ogres
  12 death yaks
  2 naga sharpshooters (Snake:1)
  A shock serpent (Snake:1)
  2 unseen horrors
  Pikel (D:8)
  The ghost of Atelerd the Conjurer, a novice OpWz of Sif Muna (D:7)
  A deep elf mage (D:13)
  5 orc knights
  A cyclops (D:13)
  6 ugly things
  3 orc sorcerers
  2 manticores
  10 elephants (Lair:6)
  7 black mambas
  A guardian serpent (Snake:1)
  A naga mage (Snake:1)
  11 spiny frogs
  A kobold demonologist (D:12)
  A yaktaur (D:14)
  A rime drake (Lair:1)
  11 komodo dragons
  A polar bear (Lair:6)
  3 meliai (D:13)
  A hornet (D:9)
  6 trolls
  The ghost of hemabe the Charlatan, an amateur HuAr of Trog (D:4)
  26 blink frogs
  Grinder (D:4)
  A snapping turtle (Lair:4)
  A meliai zombie (D:13)
  5 dream sheep (Lair:4)
  7 hippogriffs
  A shadow (D:13)
  A vampire (D:14)
  31 yaks
  3 basilisks
  Menkaure (D:5)
  2 vampire mosquitoes (D:15)
  3 nagas
  4 wargs
  2 soldier ants (D:9)
  11 water moccasins
  6 porcupines
  22 orc warriors
  4 ice beasts
  2 slaves (D:8)
  2 phantoms
  6 sky beasts
  11 ogres
  A black bear (D:10)
  6 necrophages (Lair:2)
  17 wolves
  10 centaurs
  13 crocodiles
  Blork the orc (D:4)
  18 bullfrogs
  3 big kobolds
  A water moccasin zombie (D:11)
  A scorpion (D:6)
  25 killer bees
  4 wights
  A howler monkey (D:4)
  2 electric eels
  A bullfrog zombie (D:9)
  7 crimson imps
  17 orc priests
  5 hounds
  Crazy Yiuf (D:5)
  3 jellies
  23 orc wizards
  3 centaur skeletons
  A bullfrog skeleton (D:12)
  Terence (D:3)
  6 iguanas
  10 worker ants
  2 hound zombies
  A worker ant zombie (D:11)
  A howler monkey skeleton (D:9)
  4 gnolls (D:6)
  9 adders
  2 shadow imps
  A white imp (D:4)
  2 oozes (Lair:6)
  3 worms
  A dart slug (D:1)
  An adder simulacrum (D:4)
  8 leopard geckos
  68 orcs
  6 bats
  4 giant cockroaches
  10 goblins
  6 hobgoblins
  9 jackals
  17 kobolds
  5 quokkas
  4 ball pythons
  6 frilled lizards
  A jackal simulacrum (D:4)
  A quokka skeleton (D:5)
  8 rats
  A fungus (Lair:5)
  A plant (Lair:5)
645 creatures vanquished.

Vanquished Creatures (collateral kills)
  Snorg (D:10)
  A vault guard (D:14)
  2 hydras
  2 centaur warriors
  A two-headed ogre (D:13)
  A catoblepas (Lair:6)
  A death yak (Lair:6)
  A wizard (D:14)
  2 phantasmal warriors (D:13)
  A deep elf archer (D:14)
  An orc knight (D:11)
  A wolf spider (D:15)
  2 orc sorcerers (Orc:2)
  A manticore (Lair:6)
  5 elephants (Lair:6)
  A naga mage (Snake:1)
  3 black mambas
  A centaur skeleton (D:14)
  A freezing wraith (D:13)
  A queen bee (Lair:3)
  3 trolls
  A hippogriff (Lair:5)
  4 blink frogs
  A hornet (D:13)
  A slime creature (D:11)
  A wyvern (Lair:2)
  11 yaks
  2 vampire mosquitoes (D:15)
  A naga (Snake:1)
  7 orc warriors
  A porcupine (Lair:5)
  2 ogres
  2 wolves (Lair:6)
  3 centaurs
  A big kobold (D:13)
  A bullfrog (D:11)
  3 killer bees (D:10)
  15 wights
  3 jellies (D:11)
  3 orc priests
  2 orc wizards (Orc:2)
  A bullfrog simulacrum (D:4)
  A human simulacrum (D:13)
  2 shadow imps
  An ooze (D:4)
  19 orcs
  10 kobolds
  A plant (Lair:6)
133 creatures vanquished.

Vanquished Creatures (others)
  4 centaurs
  A human simulacrum (D:13)
  A jackal (D:6)
  4 kobolds (D:13)
  A bush (Lair:6)
  11 fungi
  29 plants
51 creatures vanquished.

Grand Total: 829 creatures vanquished

Notes
Turn   | Place    | Note
-------+----------+-------------------------------------------
     0 | D:1      | Froggeryz the Gnoll Transmuter began the quest for the Orb.
     0 | D:1      | Reached XP level 1. HP: 17/17 MP: 6/6
    13 | D:1      | Reached XP level 2. HP: 13/23 MP: 7/7
   322 | D:1      | Reached XP level 3. HP: 26/28 MP: 9/9
   385 | D:1      | Reached skill level 5 in Spellcasting
   583 | D:2      | Reached skill level 1 in Invocations
   957 | D:2      | Found a shimmering altar of Xom.
   959 | D:2      | Found a glowing golden altar of the Shining One.
   959 | D:2      | Found a glowing silver altar of Zin.
   961 | D:2      | Found an opulent altar of Gozag.
   961 | D:2      | Found a shimmering altar of Xom.
   961 | D:2      | Found a burning altar of Makhleb.
  1136 | D:2      | Reached skill level 1 in Short Blades
  1136 | D:2      | Reached skill level 1 in Long Blades
  1136 | D:2      | Reached skill level 1 in Axes
  1136 | D:2      | Reached skill level 1 in Maces & Flails
  1136 | D:2      | Reached skill level 1 in Polearms
  1136 | D:2      | Reached skill level 1 in Staves
  1136 | D:2      | Reached skill level 1 in Slings
  1136 | D:2      | Reached skill level 1 in Bows
  1136 | D:2      | Reached skill level 1 in Crossbows
  1136 | D:2      | Reached skill level 1 in Throwing
  1136 | D:2      | Reached skill level 1 in Armour
  1136 | D:2      | Reached skill level 1 in Stealth
  1136 | D:2      | Reached skill level 1 in Shields
  1136 | D:2      | Reached skill level 1 in Evocations
  1136 | D:2      | Reached XP level 4. HP: 24/34 MP: 11/11
  1621 | D:3      | Noticed Terence
  1628 | D:3      | Killed Terence
  1628 | D:3      | Reached skill level 1 in Conjurations
  1628 | D:3      | Reached skill level 1 in Hexes
  1628 | D:3      | Reached skill level 1 in Charms
  1628 | D:3      | Reached skill level 1 in Summonings
  1628 | D:3      | Reached skill level 1 in Necromancy
  1628 | D:3      | Reached skill level 1 in Translocations
  1628 | D:3      | Reached skill level 1 in Fire Magic
  1628 | D:3      | Reached skill level 1 in Ice Magic
  1628 | D:3      | Reached skill level 1 in Air Magic
  1628 | D:3      | Reached skill level 1 in Earth Magic
  1628 | D:3      | Reached skill level 1 in Poison Magic
  1628 | D:3      | Reached XP level 5. HP: 40/40 MP: 10/12
  1893 | D:3      | Reached XP level 6. HP: 39/47 MP: 13/13
  2238 | D:4      | Noticed Blork the orc
  2492 | D:4      | Noticed Grinder
  2732 | D:3      | Learned a level 2 spell: Sticks to Snakes
  2758 | D:4      | Killed Grinder
  2758 | D:4      | Reached skill level 5 in Dodging
  2758 | D:4      | Reached XP level 7. HP: 38/52 MP: 11/15
  2947 | D:4      | Killed Blork the orc
  2947 | D:4      | Reached skill level 7 in Unarmed Combat
  3397 | D:4      | Found a runed translucent gate.
  3398 | D:4      | Found a runed translucent gate.
  3399 | D:4      | Found a runed translucent gate.
  3449 | D:4      | Noticed hemabe's ghost (amateur HuAr)
  3510 | D:4      | Killed hemabe's ghost
  3510 | D:4      | Reached XP level 8. HP: 54/60 MP: 11/16
  3838 | D:5      | Entered Level 5 of the Dungeon
  4119 | D:5      | Found a runed translucent door.
  4120 | D:5      | Noticed Crazy Yiuf
  4126 | D:5      | Killed Crazy Yiuf
  4217 | D:5      | Found an iron altar of Okawaru.
  4225 | D:5      | Got a steaming ring mail
  4232 | D:5      | Found a staircase to the Ecumenical Temple.
  4232 | D:5      | Noticed Menkaure
  4245 | D:5      | Killed Menkaure
  4293 | D:5      | Identified the +4 ring mail of Kobler {Int+4 SInv} (You
                  | found it on level 5 of the Dungeon)
  4309 | Temple   | Entered the Ecumenical Temple
  4481 | Temple   | Became a worshipper of Qazlal Stormbringer
  4998 | D:6      | Reached XP level 9. HP: 66/66 MP: 18/18
  5107 | D:6      | Reached skill level 5 in Transmutations
  5112 | D:6      | Reached * piety under Qazlal
  5635 | D:7      | Noticed Atelerd's ghost (novice OpWz)
  5636 | D:7      | Found a transporter.
  5636 | D:7      | Found a transporter.
  5636 | D:7      | Identified the +3 great mace of Dyoker {antimagic, rF+}
  5665 | D:7      | Killed Atelerd's ghost
  5665 | D:7      | Reached skill level 5 in Fighting
  5739 | D:7      | Reached skill level 8 in Unarmed Combat
  6040 | D:7      | Reached skill level 5 in Invocations
  6572 | D:8      | Reached XP level 10. HP: 72/74 MP: 20/20
  6585 | D:7      | Reached ** piety under Qazlal
  6807 | D:8      | Found a staircase to the Lair.
  6950 | D:8      | Reached skill level 5 in Short Blades
  6950 | D:8      | Reached skill level 5 in Long Blades
  6950 | D:8      | Reached skill level 5 in Axes
  6950 | D:8      | Reached skill level 5 in Maces & Flails
  6950 | D:8      | Reached skill level 5 in Polearms
  6950 | D:8      | Reached skill level 5 in Staves
  6950 | D:8      | Reached skill level 5 in Slings
  6950 | D:8      | Reached skill level 5 in Bows
  6950 | D:8      | Reached skill level 5 in Crossbows
  6950 | D:8      | Reached skill level 5 in Throwing
  6950 | D:8      | Reached skill level 5 in Armour
  6950 | D:8      | Reached skill level 5 in Stealth
  6950 | D:8      | Reached skill level 5 in Shields
  6950 | D:8      | Reached skill level 5 in Evocations
  6993 | D:8      | Found a blossoming altar of Fedhas.
  7007 | D:8      | Noticed a two-headed ogre
  7012 | D:8      | Killed a two-headed ogre
  7166 | D:8      | Noticed Pikel
  7192 | D:8      | Killed Pikel
  7264 | D:8      | Found Fixurphafy's Antique Weapon Emporium.
  7297 | Lair:1   | Entered Level 1 of the Lair of Beasts
  7575 | Lair:1   | Reached XP level 11. HP: 75/82 MP: 22/22
  7629 | Lair:1   | Learned a level 3 spell: Regeneration
  7941 | Lair:1   | Reached skill level 9 in Unarmed Combat
  7970 | Lair:1   | Reached skill level 5 in Conjurations
  7970 | Lair:1   | Reached skill level 5 in Hexes
  7970 | Lair:1   | Reached skill level 5 in Charms
  7970 | Lair:1   | Reached skill level 5 in Summonings
  7970 | Lair:1   | Reached skill level 5 in Necromancy
  7970 | Lair:1   | Reached skill level 5 in Translocations
  7970 | Lair:1   | Reached skill level 5 in Fire Magic
  7970 | Lair:1   | Reached skill level 5 in Ice Magic
  7970 | Lair:1   | Reached skill level 5 in Air Magic
  7970 | Lair:1   | Reached skill level 5 in Earth Magic
  7970 | Lair:1   | Reached skill level 5 in Poison Magic
  8787 | Lair:2   | Reached *** piety under Qazlal
  9093 | Lair:2   | Noticed Gastronok
  9215 | Lair:2   | Killed Gastronok
  9215 | Lair:2   | Reached XP level 12. HP: 78/91 MP: 24/24
  9717 | Lair:3   | Noticed a four-headed hydra
 10001 | Lair:3   | Noticed a six-headed hydra
 10012 | Lair:3   | Killed a six-headed hydra
 10374 | Lair:3   | Reached **** piety under Qazlal
 10637 | Lair:3   | Killed a four-headed hydra
 11024 | Lair:4   | Reached skill level 10 in Unarmed Combat
 11166 | Lair:4   | Reached XP level 13. HP: 80/98 MP: 23/26
 11290 | Lair:4   | Reached ***** piety under Qazlal
 11291 | Lair:4   | Found a staircase to the Snake Pit.
 11358 | Lair:4   | Learned a level 4 spell: Summon Lightning Spire
 11561 | Lair:4   | Found a staircase to the Shoals.
 12003 | Snake:1  | Entered Level 1 of the Snake Pit
 12029 | Shoals:1 | Entered Level 1 of the Shoals
 12337 | Lair:6   | Entered Level 6 of the Lair of Beasts
 12640 | Lair:6   | Found a runed translucent door.
 12640 | Lair:6   | Found a viscous altar of Jiyva.
 12802 | Lair:6   | Reached skill level 10 in Spellcasting
 12820 | Lair:6   | Reached XP level 14. HP: 102/108 MP: 28/28
 13120 | Lair:5   | Reached skill level 10 in Dodging
 13443 | Lair:5   | Reached skill level 11 in Unarmed Combat
 14291 | Lair:6   | Reached skill level 10 in Invocations
 14721 | Lair:6   | Found a staircase to the Slime Pits.
 15010 | D:9      | Found Azougruw's Antique Weapon Emporium.
 15020 | D:9      | Learned a level 5 spell: Silence
 15199 | D:9      | Reached ****** piety under Qazlal
 15461 | D:10     | Entered Level 10 of the Dungeon
 15767 | D:10     | Noticed Snorg
 15814 | D:10     | Killed Snorg
 16487 | D:11     | Found a staircase to the Orcish Mines.
 16510 | D:11     | Found a viscous altar of Jiyva.
 17232 | D:12     | Reached XP level 15. HP: 115/115 MP: 29/29
 17273 | D:12     | Found Dyj Tani's General Store.
 17507 | D:12     | Found Ahecytsun's Distillery.
 17511 | D:12     | Bought a potion of lignification for 48 gold pieces
 17512 | D:12     | Bought a potion of haste for 160 gold pieces
 17793 | D:12     | Found Veown's Antique Weapon Shop.
 17803 | D:12     | Found Xouhol's Jewellery Shoppe.
 17808 | D:12     | Bought a cursed ring of teleportation for 54 gold pieces
 18006 | D:13     | Reached skill level 10 in Fighting
 18632 | D:13     | Learned a level 4 spell: Cause Fear
 18892 | D:14     | Noticed Roxanne
 19199 | D:14     | Reached skill level 10 in Short Blades
 19199 | D:14     | Reached skill level 10 in Long Blades
 19199 | D:14     | Reached skill level 10 in Axes
 19199 | D:14     | Reached skill level 10 in Maces & Flails
 19199 | D:14     | Reached skill level 10 in Polearms
 19199 | D:14     | Reached skill level 10 in Staves
 19199 | D:14     | Reached skill level 10 in Slings
 19199 | D:14     | Reached skill level 10 in Bows
 19199 | D:14     | Reached skill level 10 in Crossbows
 19199 | D:14     | Reached skill level 10 in Throwing
 19199 | D:14     | Reached skill level 10 in Armour
 19199 | D:14     | Reached skill level 10 in Stealth
 19199 | D:14     | Reached skill level 10 in Shields
 19199 | D:14     | Reached skill level 10 in Evocations
 19265 | D:14     | Found a gate to the Vaults.
 19414 | D:14     | Found a runed translucent gate.
 19415 | D:14     | Found a runed translucent gate.
 19416 | D:14     | Noticed Feotso's ghost (journeyman SpEn)
 19422 | D:14     | Found a runed translucent gate.
 19423 | D:14     | Found an iron altar of Okawaru.
 19697 | D:14     | Killed Roxanne
 19710 | D:15     | Entered Level 15 of the Dungeon
 19911 | Orc:1    | Entered Level 1 of the Orcish Mines
 20317 | Orc:2    | Entered Level 2 of the Orcish Mines
 20328 | Orc:2    | Noticed an orc warlord
 20364 | Orc:1    | Killed an orc warlord
 20544 | Orc:2    | Found a roughly hewn altar of Beogh.
 20583 | Orc:2    | Found a roughly hewn altar of Beogh.
 20606 | Orc:2    | Found Qitaddui's Book Emporium.
 20614 | Orc:2    | Bought a book of the Warp for 1260 gold pieces
 20621 | Orc:2    | Learned a level 6 spell: Dispersal
 20662 | Orc:2    | Reached skill level 12 in Unarmed Combat
 20705 | Orc:2    | Found a roughly hewn altar of Beogh.
 20705 | Orc:2    | Found Qidod's Weapon Boutique.
 20817 | Orc:2    | Found a staircase to the Elven Halls.
 20856 | Orc:2    | Noticed Saint Roka
 20877 | Orc:2    | Reached XP level 16. HP: 83/124 MP: 25/31
 20887 | Orc:2    | Killed Saint Roka
 21057 | Orc:2    | Found Isulijio's Antique Armour Boutique.
 21061 | Orc:2    | Found a roughly hewn altar of Beogh.
 21064 | Orc:2    | Found Tidar's Antique Weapon Shop.
 21081 | Orc:2    | Bought a pair of embroidered gloves for 195 gold pieces
 21092 | Orc:2    | Bought a faintly glowing robe for 148 gold pieces
 21092 | Orc:2    | Identified the +4 robe "Ulanuwikh" {rN+++ Regen+ Int+6
                  | Stlth-} (You bought it in a shop on level 2 of the Orcish
                  | Mines)
 21141 | Orc:2    | Found a roughly hewn altar of Beogh.
 21281 | Orc:2    | Found a roughly hewn altar of Beogh.
 21800 | Snake:1  | HP: 3/124 [naga sharpshooter/bolt (4)]
 21803 | Snake:1  | Shot with an arrow by a naga sharpshooter

Levels and vault maps discovered:
D:1:      eino_arrival_cavern_d, layout_loops_ring, minmay_pentomino_x2
D:2:      layout_loops_ring, first_ration, serial_bayou_pond_e,
          hangedman_decor_points, doesnt_xom_only_xom
D:3:      layout_rooms, uniq_terence
D:4:      layout_cave_pools, gammafunk_ghost_icy, st_stairs_3,
          uniq_blork_the_orc, uniq_grinder
D:5:      layout_loops_ring, minmay_temple_entry_statues_fountains,
          kennysheep_okawaru_gauntlet, uniq_crazy_yiuf_cottage, uniq_menkaure
D:6:      layout_loops_ring
D:7:      layout_loops_corners, gammafunk_ghost_smash, dk_vineyard_2
D:8:      layout_rooms, overflow_temple_1_default, erik_lair_orcish_takeover,
          serial_shops, kennysheep_mini_moat, uniq_pikel
D:9:      layout_roguey, serial_shops, shop_statue, hangedman_pestilent_swarm
D:10:     layout_basic, uniq_snorg
D:11:     layout_basic, orc_0_dummy, hangedman_abyss_or_decor_slice,
          jiyva_altar_1
D:12:     layout_gridville, serial_shops, shop, shop, nicolae_shop_stone, shop
D:13:     layout_roguey, bh_circular_ruins
D:14:     layout_rooms, grunt_vaults_entry_fortified,
          gammafunk_ghost_fury_of_okawaru, skrybe_limestone_x, uniq_roxanne
D:15:     hangedman_depths_entry_try_elsewhere_first, layout_basic,
          interstate_on_off, uniq_agnes
Temple:   minmay_crystal_snake_temple
Lair:1:   layout_cave_pods
Lair:2:   layout_hall_layers, roderic_carrion_pond, uniq_gastronok
Lair:3:   layout_hall_layers, special_room [special_room_bee]
Lair:4:   layout_cave_pods, minmay_shoals_entry_hut,
          guppyfry_snake_entry_garden, chequers_serial_rivers_room_b,
          lemuel_fruit_tree
Lair:5:   layout_roguey, nicolae_lair_yak_garden, grunt_megastairs_5,
          serial_bayou_shore_a
Lair:6:   evilmike_catoblepas_cave, layout_cave_pods, slime_altar_2,
          infiniplex_staircase_pool, grunt_megastairs_2
Shoals:1: layout_shoals, argonaut_gorgonesque
Snake:1:  layout_rooms, basic_altar, serial_bayou_pond_d, st_stairs_8
Orc:1:    layout_caves
Orc:2:    grunt_orc_community_town_hall, layout_caves,
          grunt_orc_community_big_house_1, grunt_orc_community_big_house_1,
          grunt_orc_community_house_1, grunt_orc_community_house_3,
          grunt_orc_community_house_1, grunt_orc_community_house_2,
          grunt_orc_community_house_1, nicolae_orc_lost_temple

Skill      XL: |  1  2  3  4  5  6  7  8  9 10 11 12 13 14 15 |
---------------+----------------------------------------------+-----
Spellcasting   | 5 6 7 8 9 10 11 | 11.5
Invocations    | 1 2 3 4 5 6 7 8 9 10 11 | 11.4
Short Blades   | 1 2 3 4 5 6 7 8 9 10 | 10.5
Long Blades    | 1 2 3 4 5 6 7 8 9 10 | 10.5
Axes           | 1 2 3 4 5 6 7 8 9 10 | 10.5
Maces & Flails | 1 2 3 4 5 6 7 8 9 10 | 10.5
Polearms       | 1 2 3 4 5 6 7 8 9 10 | 10.5
Staves         | 1 2 3 4 5 6 7 8 9 10 | 10.5
Slings         | 1 2 3 4 5 6 7 8 9 10 | 10.5
Bows           | 1 2 3 4 5 6 7 8 9 10 | 10.5
Crossbows      | 1 2 3 4 5 6 7 8 9 10 | 10.5
Throwing       | 1 2 3 4 5 6 7 8 9 10 | 10.5
Armour         | 1 2 3 4 5 6 7 8 9 10 | 10.5
Stealth        | 1 2 3 4 5 6 7 8 9 10 | 10.5
Shields        | 1 2 3 4 5 6 7 8 9 10 | 10.5
Evocations     | 1 2 3 4 5 6 7 8 9 10 | 10.5
Conjurations   | 1 2 3 4 5 6 7 8 |  8.9
Hexes          | 1 2 3 4 5 6 7 8 |  8.9
Charms         | 1 2 3 4 5 6 7 8 |  8.9
Summonings     | 1 2 3 4 5 6 7 8 |  8.9
Necromancy     | 1 2 3 4 5 6 7 8 |  8.9
Translocations | 1 2 3 4 5 6 7 8 |  8.9
Fire Magic     | 1 2 3 4 5 6 7 8 |  8.9
Ice Magic      | 1 2 3 4 5 6 7 8 |  8.9
Air Magic      | 1 2 3 4 5 6 7 8 |  8.9
Earth Magic    | 1 2 3 4 5 6 7 8 |  8.9
Poison Magic   | 1 2 3 4 5 6 7 8 |  8.9
Fighting       | 3 4 5 6 7 8 9 10 | 10.8
Transmutations | 4 5 6 7 8 9 |  9.7
Dodging        | 5 6 7 8 9 10 11 | 11.4
Unarmed Combat | 7 8 9 10 11 12 | 12.1

Action                   |  1- 3 |  4- 6 |  7- 9 | 10-12 | 13-15 | 16-18 || total
-------------------------+-------+-------+-------+-------+-------+-------++-------
Melee: Unarmed           |    14 |       |       |       |       |       ||    14
       Headbutt          |     3 |     1 |       |       |       |       ||     4
       Dagger            |    85 |   120 |   296 |   674 |       |       ||  1175
       Kick              |     1 |       |       |       |       |       ||     1
       Punch             |     1 |       |       |       |       |       ||     1
       Bite              |     4 |    19 |    31 |    95 |   154 |    10 ||   313
       Lajatang          |       |       |       |    47 |  1138 |   104 ||  1289
 Fire: Hunting sling     |       |     4 |    10 |       |       |       ||    14
Throw: Throwing net      |       |     3 |       |       |     1 |     1 ||     5
 Cast: Beastly Appendage |     4 |     2 |       |       |       |       ||     6
       Sticks to Snakes  |       |     2 |     9 |    24 |     4 |       ||    39
       Regeneration      |       |       |       |    15 |    55 |     8 ||    78
       Summon Lightning  |       |       |       |       |    51 |     8 ||    59
       Cause Fear        |       |       |       |       |     1 |     1 ||     2
       Silence           |       |       |       |       |     1 |       ||     1
Invok: Disaster Area     |       |       |       |       |       |     1 ||     1
Evoke: Wand              |       |       |       |     3 |     2 |     4 ||     9
  Use: Scroll            |       |     8 |     2 |    19 |    12 |     2 ||    43
       Potion            |       |     7 |       |       |     6 |     1 ||    14
 Stab: Sleeping          |       |     3 |     4 |       |       |       ||     7
       Distracted        |       |       |       |     3 |    20 |     2 ||    25
       Petrified         |       |       |       |       |     3 |       ||     3
       Petrifying        |       |       |       |       |     1 |       ||     1
  Eat: Chunk             |       |     6 |     6 |    12 |    27 |     2 ||    53
       Ration            |       |       |     2 |     1 |     3 |     1 ||     7
Armor: Robe              |    12 |    16 |    18 |       |       |     8 ||    54
       Ring mail         |       |       |    41 |   133 |   285 |     6 ||   465
Dodge: Dodged            |    76 |   106 |   146 |   328 |   655 |    47 ||  1358
       Deflected         |       |       |       |       |    32 |     6 ||    38
Block: Buckler           |     7 |    24 |    84 |   382 |       |       ||   497
       Reflection        |       |       |     1 |       |    42 |     9 ||    52
       Other             |       |       |       |    17 |   589 |    46 ||   652

Table legend:
 A = Non-vault XP
 B = Vault XP
 C = Vault XP percentage of total XP
 D = Non-vault monster count
 E = Vault monster count
 F = Vault count percentage of total count
                 A         B        C        D         E       F
            +---------+---------+-------+---------+---------+-------
      Total |   98049 |   44858 |  31.4 |     581 |     196 |  25.2
            +---------+---------+-------+---------+---------+-------
        D:1 |      41 |       1 |   2.4 |      24 |       1 |   4.0
        D:2 |      67 |       0 |   0.0 |      20 |       0 |   0.0
        D:3 |     258 |      36 |  12.2 |      35 |       1 |   2.8
        D:4 |     490 |     642 |  56.7 |      18 |       8 |  30.8
        D:5 |     307 |     213 |  41.0 |      13 |       4 |  23.5
        D:6 |     582 |       0 |   0.0 |      24 |       0 |   0.0
        D:7 |     910 |    1289 |  58.6 |      14 |       8 |  36.4
        D:8 |    2074 |    1008 |  32.7 |      11 |       7 |  38.9
        D:9 |    1288 |     637 |  33.1 |      23 |       4 |  14.8
       D:10 |    3786 |     932 |  19.8 |      38 |       1 |   2.6
       D:11 |    4591 |     226 |   4.7 |      31 |       4 |  11.4
       D:12 |    3188 |       0 |   0.0 |      18 |       0 |   0.0
       D:13 |   13602 |      11 |   0.1 |      50 |       1 |   2.0
       D:14 |    5724 |    9359 |  62.0 |      22 |      12 |  35.3
       D:15 |    2398 |     434 |  15.3 |       7 |       1 |  12.5
     Lair:1 |    5203 |       0 |   0.0 |      24 |       0 |   0.0
     Lair:2 |    3859 |    2858 |  42.5 |      18 |       7 |  28.0
     Lair:3 |    6619 |    1515 |  18.6 |      30 |      24 |  44.4
     Lair:4 |   11719 |     579 |   4.7 |      38 |       3 |   7.3
     Lair:5 |    3951 |    4378 |  52.6 |      17 |      12 |  41.4
     Lair:6 |   15625 |   11760 |  42.9 |      46 |      29 |  38.7
    Snake:1 |    5896 |       0 |   0.0 |      12 |       0 |   0.0
      Orc:1 |    3394 |     548 |  13.9 |      23 |       2 |   8.0
      Orc:2 |    2477 |    8432 |  77.3 |      25 |      67 |  72.8
            +---------+---------+-------+---------+---------+-------
